 Dungeon Crawl Stone Soup version 0.19-a0-742-g4563caa (webtiles) character file.

92 shinobufag the Skirmisher (level 4, -4/42 HPs)
             Began as a Minotaur Abyssal Knight on June 23, 2016.
             Was a Believer of Lugonu.
             Killed by divine providence
             ... invoked by an orc priest
              (14 damage)
             ... on level 3 of the Dungeon.
             The game lasted 00:06:27 (1700 turns).

shinobufag the Skirmisher (Minotaur Abyssal Knight) Turns: 1700, Time: 00:06:28

Health: -4/42      AC:  8    Str: 14 (17) XL:     4   Next: 35%
Magic:  4/4        EV: 10    Int:  8 (9)  God:    Lugonu [**....]
Gold:   44         SH:  0    Dex:  7 (10) Spells: 0 memorised, 3 levels left

rFire  . . .     SeeInvis .     a - +1 mace
rCold  . . .     Gourm    .     f - +3 ring mail
rNeg   . . .     Faith    .     (no shield)
rPois  .         Spirit   .     (helmet restricted)
rElec  .         Dismiss  .     (no cloak)
rCorr  .         Reflect  .     (no gloves)
SustAt .         Harm     .     (no boots)
MR     .....                    (no amulet)
Stlth  ..........               (no ring)
                                (no ring)

@: not resistant to hostile enchantments, extremely unstealthy
A: retaliatory headbutt, horns 2
a: Depart the Abyss, Bend Space, Renounce Religion


You were on level 3 of the Dungeon.
You worshipped Lugonu.
Lugonu was pleased with you.
You were not hungry.

You visited 1 branch of the dungeon, and saw 3 of its levels.
You visited the Abyss 1 time.

You collected 44 gold pieces.

Inventory:

Hand Weapons
 a - a +1 mace (weapon)
Armour
 b - a +0 leather armour
 f - a +3 ring mail (worn)
Scrolls
 h - 2 scrolls of magic mapping


   Skills:
 + Level 5.1 Fighting
 + Level 3.2 Maces & Flails
 + Level 3.2 Armour
 + Level 1.5 Dodging
 + Level 2.0 Invocations


You had 3 spell levels left.
You didn't know any spells.

Dungeon Overview and Level Annotations

Branches:
Dungeon (3/15)

Altars:
Gozag
Makhleb
Okawaru


Innate Abilities, Weirdness & Mutations

You reflexively headbutt those who attack you in melee.
You have a pair of horns on your head.


Message History

The orc priest invokes the aid of Beogh against you.
Pain shoots through your body!
You closely miss the orc priest.
The orc priest is severely wounded.
The orc priest hits you with a flail. x2
You hit the orc priest but do no damage.
The orc priest is severely wounded.
The orc priest hits you but does no damage.
You hit the orc priest but do no damage.
You headbutt the orc priest.
The orc priest is severely wounded.
The orc priest hits you with a flail.
You hit the orc priest but do no damage.
Your headbutt misses the orc priest.
The orc priest is severely wounded.
The orc priest hits you with a flail.
* * * LOW HITPOINT WARNING * * *
The orc priest mumbles some strange prayers to Beogh against you.
Beogh smites you!
You die...

#.###..#.# #.#
#.# #..#.# #.#
#.# #..#.# #.#
#.###..#.# #.#
#........# #.#
#......#.#####.#
#o####.#.#.....#
#.# #.....#####
#@# #.†#.#....#
#†# ##...†###.#
#.# ##.#........
#.# #.#.####.<..
#.# #.###. ..
#.# ## #. #.#
#.#


You could see an orc priest.

Vanquished Creatures
  3 adders
  4 worms
  2 dart slugs
  3 giant geckos
  2 orcs (D:3)
  A ball python (D:1)
  5 bats
  A giant cockroach (D:1)
  7 goblins
  4 hobgoblins
  3 jackals (D:1)
  A giant newt (D:1)
  4 kobolds
  6 rats
46 creatures vanquished.

Notes
Turn   | Place    | Note
--------------------------------------------------------------
     0 | Abyss:1  | shinobufag the Minotaur Abyssal Knight began the quest for the Orb.
     0 | Abyss:1  | Reached XP level 1. HP: 19/19 MP: 1/1
    12 | D:1      | Escaped the Abyss
    44 | D:1      | Reached skill level 4 in Fighting
    53 | D:1      | Reached XP level 2. HP: 23/27 MP: 2/2
   259 | D:1      | Reached ** piety under Lugonu
   305 | D:1      | Reached XP level 3. HP: 31/34 MP: 3/3
   679 | D:2      | Found an opulent altar of Gozag.
   750 | D:2      | Reached skill level 5 in Fighting
   751 | D:2      | Found a burning altar of Makhleb.
   850 | D:2      | Found an iron altar of Okawaru.
  1214 | D:3      | Reached XP level 4. HP: 42/42 MP: 4/4
  1700 | D:3      | Killed from afar by an orc priest

Vault maps used:
D:1:      scummos_arrival_checkerplants
D:2:      grunt_gozag_statues, overflow_temple_1_default, lemuel_crystal_altar
D:3:      nicolae_tso_carved_into_rock

Skill      XL: |  1  2  3  4 |
---------------+-------------+-----
Fighting       | 4 5 |  5.1
Armour         | 3 |  3.2
Invocations    | 2 |  2.0
Maces & Flails | 3 |  3.2
Dodging        | |  1.5

Action                   |  1- 3 |  4- 6 || total
-------------------------+-------+-------++-------
Melee: Mace              |    72 |    34 ||   106
       Headbutt          |     9 |     5 ||    14
  Use: Scroll            |     1 |     3 ||     4
       Potion            |       |     3 ||     3
  Eat: Bread ration      |     1 |       ||     1
Armor: Leather armour    |    11 |       ||    11
       Ring mail         |    11 |     9 ||    20
Dodge: Dodged            |    35 |    15 ||    50
